 Dungeon Crawl Stone Soup version 0.31.0-11-ge490571c62 (webtiles) character file.

Game seed: 7950135914605389834

4722 sasquatch the Cleaver (level 10, 0/59 (74) HPs)
             Began as a Formicid Fighter on Jan 30, 2024.
             Was a Priest of Lugonu.
             Slain by a wight
             ... wielding a +4 spear
              (5 damage)
             ... on level 9 of the Dungeon.
             The game lasted 00:17:14 (9348 turns).

sasquatch the Cleaver (Formicid Fighter)            Turns: 9348, Time: 00:17:15

HP:   0/59 (74)     AC:  8    Str: 26    XL:     10   Next: 73%
MP:   13/17         EV:  9    Int:  7    God:    Lugonu [***...]
Gold: 447           SH:  5    Dex: 13    Spells: 9/9 levels left

rFire   . . .        b - +2 whip (elec)
rCold   . . .        c - +0 buckler
rNeg    . . .        j - +0 scale mail
rPois   .            (helmet unavailable)
rElec   .            (no cloak)
rCorr   .            E - +0 pair of gloves
SInv    +            (no boots)
Will    +....        (no amulet) Stlth
                     (no ring)
HPRegen 0.29/turn    (no ring)
MPRegen 0.15/turn

%: no passive effects
@: heavily drained
A: permanent stasis, dig shafts and tunnels, antennae 3, four strong arms
a: Dig, Shaft Self, Renounce Religion, Depart the Abyss, Banish


You were on level 9 of the Dungeon.
You worshipped Lugonu.
Lugonu was most pleased with you.
You visited 2 branches of the dungeon, and saw 10 of its levels.

You collected 447 gold pieces.

Inventory:

Hand Weapons
 a - a +0 war axe
 b - a +2 whip of electrocution (weapon)
 z - a +0 hand axe of flaming
 C - a +2 heavy flail
Missiles
 g - a throwing net
 i - 3 boomerangs
 r - 23 poisoned darts
 A - 2 curare-tipped darts (quivered)
Armour
 c - a +0 buckler (worn)
 j - a +0 scale mail (worn)
 m - a +0 chain mail
 E - a +0 pair of gloves (worn)
Wands
 x - a wand of flame (15)
 y - a wand of mindburst (13)
Scrolls
 e - 3 scrolls of fog
 f - a scroll of amnesia {unknown}
 l - 3 scrolls of teleportation {unknown}
 n - a scroll of revelation {unknown}
 o - 2 scrolls of torment {unknown}
 q - a scroll of silence {unknown}
 s - 2 scrolls of poison {unknown}
 t - 3 scrolls of fear {unknown}
 u - 2 scrolls of noise {unknown}
 w - a scroll of immolation {unknown}
Potions
 d - 2 potions of might
 h - a potion of enlightenment {unknown}
 k - 2 potions of attraction
 p - a potion of lignification
 v - a potion of heal wounds
 B - a potion of curing
 D - a potion of resistance {unknown}


   Skills:
 + Level 5.2 Fighting
 + Level 12.1 Axes
 - Level 3.2 Armour
 - Level 4.0 Shields
 - Level 10.0 Invocations


You had 9 spell levels left.
You didn't know any spells.
Your spell library contained the following spells:

 Spells                   Type           Power      Damage    Failure   Level
 Apportation              Tloc           0%         N/A       77%         1
 Necrotise                Necr           0%         1d4       77%         1
 Sting                    Conj/Alch      0%         1d3       77%         1
 Summon Small Mammal      Summ           0%         N/A       77%         1
 Cigotuvi's Dreadful Rot  Necr/Alch/Air  0%         N/A       88%         2
 Call Canine Familiar     Summ           0%         N/A       98%         3
 Animate Dead             Necr           0%         N/A       100%        4
 Dispel Undead            Necr           0%         3d6       100%        4
 Martyr's Knell           Necr/Summ      0%         N/A       100%        4
 Summon Blazeheart Golem  Fire/Summ      0%         N/A       100%        4
 Death Channel            Necr           0%         N/A       100%        6
 Haunt                    Necr/Summ      0%         N/A       100%        7
 Infestation              Necr           0%         N/A       100%        8


Dungeon Overview and Level Annotations

Branches:
Dungeon (9/15)             Temple (1/1) D:7             Orc (0/2) D:9
   Lair: D:8-11

Altars:
Cheibriados
Dithmenos
Elyvilon
Fedhas
Gozag
Hepliaklqana
Kikubaaqudgha
Nemelex Xobeh
Okawaru
Qazlal
Ru
Sif Muna
Trog
Uskayaw
Vehumet
Wu Jian
Xom
Yredelemnul
Zin
The Shining One
Lugonu

Shops:
D:3 [


Innate Abilities, Weirdness & Mutations

You cannot be hasted, slowed, berserked, paralysed or teleported.
You can dig through walls and to a lower floor.
You have a pair of large antennae on your head. (SInv)
Your four strong arms can wield two-handed weapons with a shield.


Message History

The wight is almost destroyed.
You block the wight's attack.
You barely miss the wight.
The wight is almost destroyed.
The wight hits you from afar with a +4 spear!
You hit the wight but do no damage.
The wight is almost destroyed.
The wight hits you with a +0 short sword.
The wight hits you from afar with a +4 spear!
You feel drained.
You completely miss the wight.
The wight is almost destroyed.
The wight hits you with a +0 short sword.
The wight hits you from afar with a +4 spear.
You feel drained. The wight attacks as it pursues you!
The wight hits you from afar with a +4 spear.
* * * LOW HITPOINT WARNING * * *
You feel drained.
* * * LOW HITPOINT WARNING * * *
Okay, then.
You feel much better. The wight barely misses you.
You closely miss the wight.
The wight is almost destroyed.
The wight hits you from afar with a +4 spear.
You feel drained.
You hit the wight.
You destroy the wight!
Lugonu accepts your kill.
The wight hits you from afar with a +4 spear.
You feel drained.
* * * LOW HITPOINT WARNING * * *
The wight barely misses you.
There is an open door, spattered with blood here.
Press: ? - help, Shift-Dir - straight line, f - wight
Aim: a wight, wielding a +4 spear and wearing a +0 robe (chance to affect: 85%)
The wight barely resists.
The wight hits you with a +4 spear!
* * * LOW HITPOINT WARNING * * *
You feel drained.
You die...

#......... ..
......... #..
#..P..... ###.#####
##..#..... #.......#
#......... #.......#
#......###
#......[####†.....#
#.......##........####
#.......@zz#..........
#......)####......###
#.......# #..<...#
#.......# #......#
#.......# #......#
#.......# ########
######'## ###.....#
#...#####


You could see 2 wights.

Vanquished Creatures
  Pikel (D:5)
  Joseph (D:7)
  Prince Ribbit (D:7)
  A shadow (D:9)
  A vampire (D:9)
  4 water moccasins
  Duvessa (D:7)
  An orc warrior (D:7)
  2 sky beasts
  5 black bears
  2 ogres (D:6)
  2 centaurs
  3 lemures
  3 phantoms
  4 kobold brigands
  Blork the orc (D:4)
  3 bullfrogs (D:9)
  2 scorpions
  3 wights (D:9)
  Dowan (D:7)
  A gnoll bouda (D:5)
  4 orc priests
  2 hounds (D:4)
  A jelly (D:6)
  3 iguanas (D:5)
  5 orc wizards
  3 gnolls (D:5)
  7 adders
  A white imp (D:6)
  2 ufetubi (D:6)
  4 dart slugs
  A ribbon worm (D:4)
  31 orcs
  5 ball pythons
  11 endoplasms
  2 giant cockroaches (D:1)
  7 goblins
  11 hobgoblins
  5 jackals (D:2)
  23 kobolds
  3 quokkas
  4 bats
  6 frilled lizards
  9 rats
193 creatures vanquished.

Notes
Turn   | Place    | Note
-------+----------+-------------------------------------------
     0 | D:1      | sasquatch the Formicid Fighter began the quest for the Orb.
     0 | D:1      | Reached XP level 1. HP: 18/18 MP: 1/1
   215 | D:1      | Reached XP level 2. HP: 24/24 MP: 2/2
   424 | D:1      | Reached skill level 3 in Axes
   484 | D:1      | Reached XP level 3. HP: 29/29 MP: 3/3
   942 | D:2      | Found a faded altar of an unknown god.
   984 | D:2      | Prayed at the altar of an unknown god.
   984 | D:2      | Became a worshipper of Lugonu the Unformed
   984 | D:2      | Reached * piety under Lugonu
  1163 | D:2      | Reached skill level 4 in Axes
  1163 | D:2      | Reached XP level 4. HP: 33/35 MP: 4/4
  1907 | D:3      | Found a sparkling altar of Nemelex Xobeh.
  1980 | D:3      | Found Pexijo's Antique Armour Shoppe.
  2159 | D:3      | Reached ** piety under Lugonu
  2163 | D:3      | Reached XP level 5. HP: 41/41 MP: 5/5
  2384 | D:3      | Reached skill level 5 in Axes
  2501 | D:4      | HP: 2/41 [poisoned by a scorpion]
  2660 | D:4      | Reached XP level 6. HP: 47/47 MP: 6/6
  2780 | D:4      | Reached skill level 6 in Axes
  3346 | D:4      | Reached XP level 7. HP: 52/52 MP: 7/9
  3391 | D:4      | Noticed Blork the orc
  3409 | D:4      | Killed Blork the orc
  3724 | D:5      | Entered Level 5 of the Dungeon
  3724 | D:5      | Noticed Pikel
  3960 | D:5      | Reached skill level 7 in Axes
  4753 | D:5      | Reached XP level 8. HP: 45/58 MP: 11/11
  5081 | D:5      | Killed Pikel
  5082 | D:5      | Reached skill level 8 in Axes
  5303 | D:5      | Reached *** piety under Lugonu
  5790 | D:6      | HP: 1/58 [sky beast (6)]
  5793 | D:6      | Reached XP level 9. HP: 2/64 MP: 14/14
  6089 | D:6      | Reached skill level 9 in Axes
  6776 | D:7      | Noticed Prince Ribbit
  6795 | D:7      | Killed Prince Ribbit
  7040 | D:7      | Reached skill level 10 in Axes
  7086 | D:7      | Found a staircase to the Ecumenical Temple.
  7116 | D:7      | Noticed Dowan
  7120 | D:7      | Noticed Duvessa
  7132 | D:7      | Killed Duvessa
  7133 | D:7      | Killed Dowan
  7219 | D:7      | Reached **** piety under Lugonu
  7239 | D:7      | Reached XP level 10. HP: 21/70 MP: 17/17
  7463 | D:7      | Reached skill level 10 in Invocations
  7829 | D:7      | Noticed Joseph
  7847 | D:7      | Killed Joseph
  7848 | D:7      | Reached skill level 11 in Axes
  8079 | Temple   | Entered the Ecumenical Temple
  8171 | D:8      | You fall into a shaft and drop 1 floor!
  8945 | D:9      | Found a staircase to the Orcish Mines.
  9175 | D:9      | Reached skill level 12 in Axes
  9315 | D:9      | Reached skill level 5 in Fighting
  9348 | D:9      | Slain by a wight

Illustrated notes

Levels and vault maps discovered:
D:1:      dpeg_arrival_refuge, layout_basic, chequers_serial_rivers_micro_a,
          minmay_misc_feat_pillars, minmay_bisected
D:2:      layout_basic, hellmonk_ecumenical_altar_run_dry
D:3:      layout_basic, nemelex_diamond_rough_becter, serial_shops, shop,
          minmay_joined_circles
D:4:      cheibrodos_helix_gallery, layout_basic, uniq_blork_the_orc
D:5:      layout_cave_pods, chequers_jeans, chequers_arboretum, uniq_pikel
D:6:      layout_rooms
D:7:      layout_loops_cross, minmay_temple_entry_arrows, uniq_joseph,
          uniq_duvessa, uniq_prince_ribbit1
D:8:      layout_basic, makhleb_altar_promises_db, lemuel_doored_altar,
          serial_shops, nicolae_shop_gibbet_a_chance
D:9:      layout_roguey, due_lair_maze_entry_diamond, orc_0_dummy
Temple:   hellmonk_temple_of_storms

Skill      XL: |  1  2  3  4  5  6  7  8  9 10 |
---------------+-------------------------------+-----
Axes           | 3 4 5 6 7 8 10 12 | 12.1
Invocations    | 2 4 7 9 10 | 10.0
Fighting       | 5 |  5.2
Armour         | |  3.2
Shields        | |  4.0

Action                     |  1- 3 |  4- 6 |  7- 9 | 10-12 || total
---------------------------+-------+-------+-------+-------++-------
  Melee: War axe           |    70 |   186 |   134 |       ||   390
         Whip              |       |       |   203 |   135 ||   338
         Hand axe          |       |       |     6 |       ||     6
  Throw: Dart              |       |     7 |    19 |     1 ||    27
 Invoke: Banish            |       |       |       |     2 ||     2
Ability: Dig               |       |       |     2 |       ||     2
         Shaft Self        |       |       |       |     1 ||     1
  Evoke: Wand              |       |       |     9 |       ||     9
    Use: Scroll            |       |     4 |     3 |     1 ||     8
         Potion            |       |     1 |       |     3 ||     4
 Armour: Scale mail        |    35 |   130 |   219 |   119 ||   503
  Dodge: Dodged            |    34 |    80 |   154 |    46 ||   314
  Block: Buckler           |    19 |    48 |    65 |    21 ||   153
